Map: [ESL] Ancient Cistern

Players

SKillous - Winner!

  • Race: Protoss Protoss
  • League: Grandmaster
  • Spawn Location: 7:00

trigger

  • Race: Protoss Protoss
  • League: Grandmaster
  • Spawn Location: 1:00

Event: HomeStory Cup XXIII

VOD

Have the link to the VOD?

Description

Time

  • Played on: June 30, 2023, 12:36 p.m.
  • Length: 12:10

All games in this series

Show
View Real Time Build Order
Export as new Build Order

SKillous Protoss - Winner!

Build Orders: Oracle Opening 

Get SALT Encoding   

  12  0:00  Probe  
  13  0:12  Probe  
  14  0:17  Pylon  
  14  0:24  Probe  
  15  0:35  Gateway  
  15  0:36  Probe (Chrono Boost)  
  16  0:45  Probe (Chrono Boost)  
  16  0:46  Assimilator  
  17  0:51  Probe (Chrono Boost)  
  17  0:54  Assimilator  
  18  1:03  Probe (Chrono Boost)  
  19  1:08  Gateway  
  20  1:12  Probe (Chrono Boost)  
  20  1:18  Probe  
  20  1:24  Cybernetics Core  
  21  1:30  Probe  
  22  1:35  Pylon  
  22  1:42  Probe  
  23  2:00  Stargate  
  23  2:01  Warp Gate  
  25  2:09  Stalker  
  25  2:13  Pylon  
  27  2:16  Probe  
  27  2:19  Stalker  
  28  2:28  Probe  
  29  2:40  Probe  
  29  2:43  Oracle (Chrono Boost)  
  33  2:53  Probe  
  34  3:04  Nexus  
  34  3:05  Probe  
  35  3:12  Shield Battery  
  35  3:17  Pylon  
  35  3:21  Probe  
  36  3:28  Oracle  
  39  3:38  Robotics Facility  
  38  3:41  Probe  
  38  3:53  Probe  
  37  4:01  Stalker  
  37  4:02  Stalker, Shield Battery  
  41  4:05  Probe  
  42  4:16  Probe, Shield Battery  
  43  4:18  Twilight Council  
  43  4:21  Probe  
  44  4:25  Stalker  
  44  4:28  Stalker  
  44  4:30  Probe  
  49  4:39  Probe  
  49  4:42  Probe  
  50  4:52  Blink (Chrono Boost)  
  49  4:56  Probe x2  
  50  5:04  Phoenix (Chrono Boost)  
  52  5:08  Probe x2  
  52  5:11  Gateway  
  54  5:20  Probe x2  
  56  5:25  Pylon  
  56  5:32  Probe, Stalker  
  56  5:33  Stalker  
  61  5:40  Probe  
  60  5:44  Probe  
  60  5:48  Assimilator  
  58  5:50  Pylon  
  58  5:52  Probe  
  59  6:01  Stalker x2  
  59  6:04  Probe  
  64  6:06  Probe, Stalker  
  64  6:14  Pylon  
  64  6:20  Nexus  
  64  6:25  Stalker  
  66  6:27  Stalker  
  66  6:31  Stalker  
  70  6:34  Probe x2  
  70  6:39  Robotics Facility  
  72  6:46  Probe, Shield Battery  
  73  6:51  Probe  
  74  6:55  Forge  
  74  6:59  Probe (Chrono Boost)  
  75  7:01  Stalker, Sentry  
  75  7:03  Probe (Chrono Boost)  
  75  7:04  Pylon  
  80  7:08  Sentry  
  80  7:11  Probe (Chrono Boost)  
  80  7:13  Gateway  
  77  7:24  Probe (Chrono Boost), Stalker x2  
  77  7:27  Probe (Chrono Boost)  
  77  7:28  Observer  
  84  7:31  Protoss Ground Weapons Level 1 (Chrono Boost)  
  84  7:36  Probe (Chrono Boost)  
  87  7:38  Probe (Chrono Boost)  
  87  7:41  Gateway  
  87  7:42  Probe (Chrono Boost)  
  87  7:43  Assimilator  
  88  7:44  Probe (Chrono Boost)  
  88  7:46  Gateway  
  88  7:47  Probe (Chrono Boost)  
  89  7:51  Probe (Chrono Boost)  
  89  7:52  Probe (Chrono Boost), Charge  
  89  7:55  Probe  
  92  8:03  Probe  
  94  8:05  Probe  
  94  8:09  Stalker x2  
  94  8:10  Stalker  
  94  8:20  Probe x2  
  94  8:21  Probe, Photon Cannon  
  94  8:26  Observer  
  97  8:32  Probe x2  
  97  8:33  Probe  
  97  8:34  Stalker x2  
  104  8:38  Photon Cannon  
  104  8:45  Probe  
  104  8:46  Warp Prism (Chrono Boost)  
  107  8:51  Stalker  
  107  8:53  Pylon  
  109  8:56  Pylon  
  109  8:59  Photon Cannon  
  109  9:05  Gateway  
  109  9:07  Pylon  
  109  9:21  Stalker x4  
  117  9:24  Pylon, Stalker  
  117  9:26  Protoss Ground Weapons Level 2 (Chrono Boost)  
  119  9:31  Pylon  
  117  9:46  Stalker x4  
  117  9:47  Stalker  
  113  9:58  Observer  
  108  10:03  Stalker  
  108  10:06  Gateway x2  
  98  10:07  Gateway  
  98  10:13  Stalker x4  
  99  10:24  Stalker  
  100  10:28  Nexus  
  100  10:42  Stalker x5  
  108  10:47  Stalker  
  112  10:55  Pylon  
  112  11:01  Stalker x2  
  116  11:04  Stalker  
  116  11:05  Zealot, Stalker  
  116  11:06  Stalker  
  116  11:07  Zealot x2  
  128  11:14  Pylon  
  128  11:17  Observer (Chrono Boost)  
  128  11:27  Zealot x4, Stalker x3  
  128  11:31  Observer  
  138  11:33  Zealot x2  
  130  11:48  Stalker  
  130  11:51  Zealot x6  
  132  11:56  Zealot x2  
Show
View Real Time Build Order
Export as new Build Order

trigger Protoss 

Build Orders: Phoenix Opening 

Get SALT Encoding   

  12  0:00  Probe  
  13  0:12  Probe  
  14  0:16  Pylon  
  14  0:24  Probe (Chrono Boost)  
  16  0:36  Probe (Chrono Boost), Gateway  
  16  0:43  Probe (Chrono Boost)  
  16  0:46  Assimilator  
  17  0:50  Probe  
  17  0:54  Assimilator  
  18  1:03  Probe (Chrono Boost)  
  19  1:08  Gateway  
  19  1:13  Probe (Chrono Boost)  
  19  1:18  Probe (Chrono Boost)  
  20  1:23  Cybernetics Core  
  21  1:29  Probe  
  22  1:34  Pylon  
  22  1:41  Probe  
  23  1:53  Probe  
  24  1:59  Adept  
  24  2:00  Adept, Warp Gate  
  28  2:05  Probe  
  28  2:06  Pylon  
  29  2:17  Robotics Facility  
  29  2:18  Probe  
  30  2:26  Shield Battery  
  30  2:35  Stalker x2  
  34  2:51  Pylon  
  34  2:55  Shield Battery  
  34  3:00  Warp Prism (Chrono Boost)  
  34  3:04  Sentry  
  38  3:10  Probe  
  39  3:23  Probe  
  40  3:35  Probe  
  40  3:46  Nexus  
  40  3:48  Probe  
  41  3:53  Stalker  
  41  3:55  Twilight Council  
  39  3:57  Phoenix  
  39  4:00  Stalker  
  41  4:04  Probe  
  42  4:14  Pylon  
  42  4:19  Probe  
  42  4:22  Blink (Chrono Boost)  
  43  4:24  Adept x2  
  47  4:32  Probe  
  44  4:44  Probe  
  43  4:52  Stalker  
  43  4:56  Probe  
  43  4:58  Probe  
  45  5:03  Stalker  
  47  5:08  Probe  
  47  5:10  Probe  
  49  5:15  Shield Battery  
  49  5:17  Observer  
  49  5:20  Probe  
  51  5:22  Probe, Stalker  
  54  5:32  Probe, Stalker  
  54  5:34  Probe  
  56  5:45  Probe  
  56  5:46  Probe  
  56  5:47  Stalker  
  60  5:52  Phoenix  
  60  5:56  Gateway  
  60  5:57  Probe, Gateway  
  61  5:59  Probe  
  61  6:02  Stalker  
  64  6:09  Probe  
  64  6:10  Dark Shrine  
  65  6:12  Assimilator  
  65  6:20  Probe  
  65  6:22  Probe  
  67  6:31  Stalker  
  69  6:32  Pylon  
  69  6:34  Probe  
  69  6:39  Nexus  
  70  6:47  Pylon  
  70  6:50  Probe x2  
  72  6:55  Stalker  
  72  6:56  Stalker  
  76  7:03  Probe  
  76  7:04  Probe  
  76  7:06  Observer  
  79  7:15  Probe  
  80  7:16  Probe  
  80  7:20  Stalker  
  79  7:27  Probe  
  79  7:28  Probe  
  79  7:29  Stalker x2  
  81  7:30  Shield Battery  
  81  7:33  Forge  
  81  7:38  Pylon  
  81  7:39  Probe  
  81  7:42  Dark Templar  
  85  7:47  Pylon, Dark Templar  
  86  7:52  Probe x2  
  86  7:54  Probe, Protoss Ground Weapons Level 1 (Chrono Boost), Shield Battery  
  86  7:57  Stalker  
  86  7:58  Stalker  
  93  8:01  Immortal (Chrono Boost)  
  97  8:13  Probe  
  97  8:14  Probe  
  97  8:18  Probe  
  98  8:23  Dark Templar  
  98  8:25  Probe  
  98  8:26  Probe, Stalker x2  
  105  8:34  Assimilator  
  105  8:36  Assimilator  
  105  8:40  Charge  
  104  8:42  Gateway  
  104  8:47  Gateway  
  104  8:48  Gateway x2  
  102  8:49  Observer  
  102  8:57  Pylon, Stalker x2  
  102  8:59  Stalker  
  108  9:04  Stalker  
  110  9:14  Pylon  
  109  9:19  Nexus  
  109  9:20  Dark Templar  
  109  9:23  Stalker  
  113  9:27  Stalker  
  115  9:32  Stalker  
  116  9:43  Stalker x3  
  116  9:44  Stalker  
  122  9:51  Stalker x2  
  118  9:58  Stalker x2  
  94  10:07  Stalker x3  
  90  10:18  Stalker x3  
  95  10:22  Zealot x2  
  99  10:31  Zealot x3  
  99  10:34  Observer (Chrono Boost)  
  106  10:38  Nexus  
  106  10:41  Zealot x3  
  112  10:47  Pylon, Stalker x2  
  116  10:53  Stalker x2  
  116  10:54  Stalker  
  122  11:04  Stalker  
  124  11:07  Stalker  
  126  11:11  Stalker x3  
  128  11:19  Dark Templar  
  128  11:22  Zealot  
  128  11:24  Shield Battery  
  130  11:26  Pylon  
  124  11:33  Dark Templar  
  120  11:41  Zealot x3  
  120  11:45  Zealot x3  
  118  11:53  Zealot  
Tags
 
Add a new tag
Caveats
  • Supply blocks, unpowered buildings, or Contaminate may cause inaccurate times.
  • Supply counts are checked every 10 seconds.